 Dungeon Sprint DCSS version 0.29.1-15-g9cfb28693d (webtiles) character file.

Game seed: 17626663402285365846

5293 Groucho the Unseen (level 10, -5/56 HPs)
             Began as a Spriggan Fighter on Mar 18, 2023.
             Was a Believer of Uskayaw.
             Slain by a six-headed hydra (16 damage)
             ... in the Dungeon (Sprint IX: "|||||||||||||||||||||||||||||").
             The game lasted 00:02:24 (796 turns).

Groucho the Unseen (Spriggan Fighter)                Turns: 796, Time: 00:02:24

Health: -5/56      AC:  2    Str: 17    XL:     10   Next: 37%
Magic:  12/20      EV: 25    Int: 12    God:    Uskayaw [**....]
Gold:   0          SH:  8    Dex: 18    Spells: 9/9 levels left

rFire   . . .      SeeInvis +   a - +0 rapier
rCold   . . .      Faith    .   c - +0 buckler
rNeg    . . .      Spirit   .   b - +0 robe
rPois   .          Reflect  .   (helmet restricted)
rElec   .          Harm     .   (no cloak)
rCorr   .          Rampage  .   (gloves unavailable)
Will    +....      NoTele   +   (boots unavailable)
Stlth   +++++++...              (no amulet)
HPRegen 0.18/turn               m - +3 ring of strength
MPRegen 0.17/turn               n - +3 ring of intelligence

@: very quick
A: very small, no large weapons, unfitting armour, see invisible, speed 3
a: Renounce Religion, Stomp, Line Pass


You were in the Dungeon.
You worshipped Uskayaw.
Uskayaw was pleased with you.
You visited 1 branch

Inventory:

Hand Weapons
 a - a +0 rapier (weapon)
Armour
 b - a +0 robe (worn)
 c - a +0 buckler (worn)
Jewellery
 m - a +3 ring of strength (left hand)
 n - a +3 ring of intelligence (right hand)
Wands
 l - a wand of iceblast (10)
Scrolls
 g - 2 scrolls of fear
 j - 3 scrolls of blinking
 k - 2 scrolls of amnesia
 o - a scroll of identify
 p - 4 scrolls of enchant armour
Potions
 d - a potion of might
 e - 2 potions of mutation
 f - 5 potions of heal wounds
 h - 4 potions of magic
 i - 6 potions of curing


   Skills:
 + Level 7.8 Fighting
 + Level 10.0 Short Blades
 + Level 12.2 Dodging
 * Level 18.9 Stealth
 + Level 7.1 Shields
 * Level 12.6 Invocations


You had 9 spell levels left.
You didn't know any spells.
Your spell library was empty.

Dungeon Overview and Level Annotations

Branches:
Dungeon (1/1)

Altars:
Cheibriados
Dithmenos
Elyvilon
Fedhas
Gozag
Hepliaklqana
Kikubaaqudgha
Makhleb
Nemelex Xobeh
Okawaru
Qazlal
Ru
Sif Muna
Trog
Uskayaw
Vehumet
Wu Jian
Xom
Yredelemnul
Zin
The Shining One
Jiyva
Lugonu


Innate Abilities, Weirdness & Mutations

You are very small and have problems with some larger weapons.
You are too small for most types of armour.
You have supernaturally acute eyesight. (SInv)
You cover ground extremely quickly. (Speed+++)


Message History

The yak completely misses you.
The yak gores itself!
You hit the yak.
The yak is moderately wounded.
The black mamba barely misses the yak.
The six-headed hydra bites the yak! x3
The yak is killed!
The black bear bites the black mamba!
The black bear claws the black mamba but does no damage.
The black bear claws the black mamba.
The black mamba is killed!
The black bear bites itself.
The black bear claws itself. x2
The yak gores the bullfrog!
The bullfrog is killed!
Your Short Blades skill increases to level 10!
Unknown command.
Uskayaw prepares the audience for your solo!
You see here a yak corpse.
The six-headed hydra seems less confused.
The six-headed hydra is no longer paralysed.
You hit the six-headed hydra.
The six-headed hydra is lightly wounded.
The yak seems less confused.
The yak is no longer paralysed.
The black bear seems less confused.
The black bear is no longer paralysed.
The six-headed hydra misses you.
The six-headed hydra closely misses you.
The six-headed hydra bites you!
You block the six-headed hydra's attack.
The six-headed hydra bites you. The six-headed hydra bites you!
You hit the six-headed hydra.
The six-headed hydra is lightly wounded.
The six-headed hydra completely misses you.
The six-headed hydra bites you. The six-headed hydra bites you!
* * * LOW HITPOINT WARNING * * *
The six-headed hydra closely misses you.
The six-headed hydra completely misses you. x2
Aiming: Line Pass
Press: ? - help, Dir - move target The six-headed hydra appears confused.
You block the six-headed hydra's attack.
The six-headed hydra bites you!
You die...

▓▓▓▓▓▓▓▓▓▓▓▓▓▓▓▓▓▓▓▓▓▓▓▓▓▓
.'......[).....'@D.†Y.h†.+
▓▓▓▓▓▓▓▓▓▓▓▓▓▓▓▓▓▓▓▓▓▓▓▓▓▓▓▓▓▓▓▓▓
.................................
▓▓▓▓▓▓▓▓▓▓▓▓▓▓▓▓▓▓▓▓▓▓▓▓▓▓▓▓▓▓▓▓▓
....'.....'______________________
▓▓▓▓▓▓▓▓▓▓▓▓▓▓▓▓▓▓▓▓▓▓▓▓▓▓▓▓▓▓▓▓▓


You could see a six-headed hydra (confused), a yak and a black bear.

Vanquished Creatures
  Josephine (D)
  2 centaur warriors (D)
  A manticore (D)
  A black mamba (D)
  A gargoyle (D)
  A cane toad (D)
  A torpor snail (D)
  A troll (D)
  2 slime creatures (D)
  3 wraiths (D)
  3 yaks (D)
  A water moccasin (D)
  A centaur (D)
  A necrophage (D)
  A bullfrog (D)
  2 scorpions (D)
  2 killer bees (D)
  A gnoll (D)
  2 adders (D)
  An endoplasm (D)
  A hobgoblin (D)
  A kobold (D)
  A rat (D)
32 creatures vanquished.

Notes
Turn   | Place    | Note
-------+----------+-------------------------------------------
     0 | D        | Groucho the Spriggan Fighter began the quest for the Orb.
     0 | D        | Reached XP level 1. HP: 11/11 MP: 2/2
     6 | D        | Reached skill level 1 in Stealth
    11 | D        | Reached skill level 3 in Stealth
    11 | D        | Reached XP level 2. HP: 13/16 MP: 2/4
    60 | D        | Noticed a necrophage
    60 | D        | Noticed a scorpion
    60 | D        | Noticed a scorpion
    72 | D        | Killed a necrophage
    73 | D        | Reached skill level 5 in Dodging
    73 | D        | Reached skill level 6 in Stealth
    73 | D        | Reached XP level 3. HP: 17/20 MP: 4/6
    73 | D        | Reached XP level 4. HP: 21/24 MP: 4/7
    83 | D        | Killed a scorpion
    84 | D        | Reached skill level 7 in Stealth
    84 | D        | Reached XP level 5. HP: 26/29 MP: 4/9
    86 | D        | Reached skill level 5 in Invocations
   101 | D        | Reached skill level 8 in Stealth
   535 | D        | Found a snail-covered altar of Cheibriados.
   535 | D        | Found a shadowy altar of Dithmenos.
   535 | D        | Found a white marble altar of Elyvilon.
   535 | D        | Found a blossoming altar of Fedhas.
   535 | D        | Found an opulent altar of Gozag.
   536 | D        | Found a hazy altar of Hepliaklqana.
   537 | D        | Found a viscous altar of Jiyva.
   538 | D        | Found an ancient bone altar of Kikubaaqudgha.
   539 | D        | Found a corrupted altar of Lugonu.
   540 | D        | Found a burning altar of Makhleb.
   541 | D        | Found a sparkling altar of Nemelex Xobeh.
   542 | D        | Found an iron altar of Okawaru.
   543 | D        | Found a stormy altar of Qazlal.
   544 | D        | Found a sacrificial altar of Ru.
   545 | D        | Found a shimmering blue altar of Sif Muna.
   546 | D        | Found a bloodstained altar of Trog.
   547 | D        | Found a hide-covered altar of Uskayaw.
   548 | D        | Found a radiant altar of Vehumet.
   549 | D        | Found an ornate altar of the Wu Jian Council.
   550 | D        | Found a shimmering altar of Xom.
   551 | D        | Found a basalt altar of Yredelemnul.
   552 | D        | Found a glowing silver altar of Zin.
   553 | D        | Found a glowing golden altar of the Shining One.
   555 | D        | Became a worshipper of Uskayaw the Reveller
   582 | D        | Noticed a yak
   582 | D        | Noticed a troll
   582 | D        | Noticed a gargoyle
   582 | D        | Noticed a yak
   584 | D        | Reached * piety under Uskayaw
   586 | D        | Killed a yak
   587 | D        | Reached skill level 5 in Short Blades
   587 | D        | Reached skill level 10 in Stealth
   587 | D        | Reached XP level 6. HP: 34/34 MP: 10/12
   587 | D        | Reached ** piety under Uskayaw
   591 | D        | Killed a troll
   591 | D        | Reached *** piety under Uskayaw
   592 | D        | Reached skill level 5 in Fighting
   592 | D        | Reached skill level 11 in Stealth
   592 | D        | Reached XP level 7. HP: 39/39 MP: 10/13
   593 | D        | Killed a gargoyle
   593 | D        | Reached **** piety under Uskayaw
   594 | D        | Reached skill level 13 in Stealth
   594 | D        | Reached skill level 5 in Shields
   595 | D        | Killed a yak
   595 | D        | Reached ***** piety under Uskayaw
   596 | D        | Reached XP level 8. HP: 44/44 MP: 10/15
   603 | D        | Noticed a slime creature
   603 | D        | Noticed a centaur warrior
   603 | D        | Noticed a centaur warrior
   603 | D        | Noticed a manticore
   603 | D        | Noticed a slime creature
   609 | D        | Killed a slime creature
   610 | D        | Reached skill level 14 in Stealth
   610 | D        | Reached ****** piety under Uskayaw
   613 | D        | Killed a centaur warrior
   614 | D        | Reached skill level 10 in Dodging
   614 | D        | Reached skill level 15 in Stealth
   614 | D        | Reached skill level 10 in Invocations
   617 | D        | Killed a centaur warrior
   618 | D        | Reached skill level 16 in Stealth
   618 | D        | Reached XP level 9. HP: 41/49 MP: 12/18
   621 | D        | Killed a manticore
   629 | D        | Reached skill level 17 in Stealth
   698 | D        | Noticed Josephine
   707 | D        | Killed Josephine
   708 | D        | Reached XP level 10. HP: 55/55 MP: 18/20
   711 | D        | Reached skill level 18 in Stealth
   783 | D        | Noticed a torpor snail
   783 | D        | Noticed a cane toad
   783 | D        | Noticed a six-headed hydra
   785 | D        | Killed a torpor snail
   786 | D        | Noticed a black mamba
   787 | D        | Killed a cane toad
   791 | D        | Killed a black mamba
   792 | D        | Reached skill level 10 in Short Blades
   796 | D        | Slain by a six-headed hydra

Illustrated notes

Levels and vault maps discovered:
D:        linesprint [early_d, line_temple, items_1, d_10, items_2, lair_1,
          lair_end, items_3, orc_1, orc_end, items_4, d_15, swamp_1, shoals_1,
          snake_1, spider_1, d_20, vaults_1, items_5, swamp_end, shoals_end,
          snake_end, spider_end, vaults_end, d_27, items_6, zot_1, zot_end,
          crypt_end, forest_end, elf_end, slime_end, tomb_end, abyss_end,
          pan_hell_end]

Skill      XL: |  1  2  3  4  5  6  7  8  9 10 |
---------------+-------------------------------+-----
Stealth        | 3 6 7 10 11 13 16 17 18 | 18.9
Invocations    | 2 3 4 6 7 9 10 12 | 12.6
Fighting       | 3 4 5 6 7 |  7.8
Short Blades   | 3 4 5 6 7 8 9 10 | 10.0
Dodging        | 5 6 7 8 9 10 11 12 | 12.2
Shields        | 3 4 5 6 7 |  7.1

Action                   |  1- 3 |  4- 6 |  7- 9 | 10-12 || total
-------------------------+-------+-------+-------+-------++-------
Melee: Rapier            |    27 |    34 |    30 |     7 ||    98
Invok: Line Pass         |       |       |       |     2 ||     2
  Use: Potion            |     1 |     3 |       |       ||     4
 Stab: Sleeping          |       |     1 |     4 |     2 ||     7
       Invisible         |       |     2 |     7 |       ||     9
       Paralysed         |       |       |     2 |     2 ||     4
Armor: Robe              |       |     1 |       |       ||     1
Dodge: Dodged            |    17 |    19 |    15 |    10 ||    61
Block: Buckler           |     6 |    12 |     7 |     5 ||    30
